 Dungeon Crawl Stone Soup version 0.22.1-2-g9c5b331383 (webtiles) character file.

166028 kapitany the Executioner (level 17, -1/238 HPs)
             Began as a Minotaur Berserker on Dec 24, 2018.
             Was a High Priest of Trog.
             Slain by a nagaraja (5 damage)
             ... on level 4 of the Snake Pit on Dec 25, 2018.
             The game lasted 02:49:28 (33504 turns).

kapitany the Executioner (Minotaur Berserker)      Turns: 33504, Time: 02:49:30

Health: -1/238     AC: 28    Str: 24    XL:     17   Next: 28%
Magic:  3/5        EV: -1    Int:  8    God:    Trog [*****.]
Gold:   1768       SH:  0    Dex: 22    Spells: 16/16 levels left

rFire    . . .     SeeInvis +   P - +8 executioner's axe (antimagic)
rCold    . . .     Gourm    .   (shield currently unavailable)
rNeg     + + +     Faith    +   (armour currently unavailable)
rPois    +         Spirit   .   (helmet unavailable)
rElec    .         Reflect  .   (cloak currently unavailable)
rCorr    .         Harm     .   (gloves currently unavailable)
MR       ++...     Rnd*Rage +   (boots currently unavailable) Stlth ++++......NoTele +
                                T - amulet of faith
HPRegen  0.49/turn              U - ring of poison resistance
MPRegen  0.09/turn              H - ring "Irudgh" {rN++ Int+4 Dex+5 Stlth+}

@: lethally poisoned (-1 -> -9), tree-form, berserk cooldown, slowed,
constricted, very slow
A: (retaliatory headbutt), thin skeletal structure 1, see invisible, berserk 1,
magic resistance 1, screaming 1
a: Berserk, Trog's Hand, Brothers in Arms, Renounce Religion


You were on level 4 of the Snake Pit.
You worshipped Trog.
Trog was extremely pleased with you.
You were very hungry.
You were a tree.
You visited 4 branches of the dungeon, and saw 27 of its levels.
You also visited: Ice Cave.

You collected 2870 gold pieces.
You spent 1102 gold pieces at shops.

Inventory:

Hand Weapons
 L - a +1 battleaxe of flaming
 P - a +8 antimagic executioner's axe (weapon)
Armour
 a - a +1 pair of boots (melded)
 e - a +10 plate armour of cold resistance (melded)
 C - a +1 cloak (melded)
Jewellery
 j - a +6 ring of dexterity {unknown}
 p - an uncursed ring of fire
 u - an uncursed ring of protection from cold
 H - the ring "Irudgh" (right branch) {rN++ Int+4 Dex+5 Stlth+}
   (You acquired it on level 3 of the Snake Pit)

   [ring of dexterity]

   It affects your intelligence (+4).
   It affects your dexterity (+5).
   It greatly protects you from negative energy.
   It makes you more stealthy.
 J - an uncursed ring of positive energy
 T - an amulet of faith (around neck)
 U - a ring of poison resistance (left branch)
 V - an uncursed ring of protection from magic
Wands
 d - a wand of digging (11)
 h - a wand of disintegration (16)
 n - a wand of enslavement (6)
 s - a wand of iceblast (31)
 v - a wand of paralysis (22)
 x - a wand of random effects (134)
 F - a wand of acid (13)
 K - a wand of polymorph (22)
 S - a wand of flame (29)
Scrolls
 k - 3 scrolls of teleportation
 l - 12 scrolls of remove curse
 y - 2 scrolls of fog
 B - a scroll of magic mapping
 D - 4 scrolls of fear
 E - 3 scrolls of enchant weapon
 M - 5 scrolls of identify
Potions
 f - 2 potions of lignification
 g - 8 potions of curing
 m - 2 potions of haste
 q - 2 potions of berserk rage
 t - 9 potions of might
 A - 3 potions of flight
 N - a potion of agility
 Q - 2 potions of resistance {unknown}
Miscellaneous
 b - a lightning rod (4/4)
 r - a lightning rod (4/4)
Comestibles
 c - 17 rations


   Skills:
 + Level 16.5 Fighting
 * Level 22.1 Axes
 + Level 17.0 Armour
 + Level 14.6 Dodging
 - Level 1.0 Stealth


You had 16 spell levels left.
You didn't know any spells.
Your spell library was empty.

Dungeon Overview and Level Annotations

Branches:
Dungeon (15/15)            Temple (0/1) D:4            Lair (6/6) D:9
 Shoals (0/4) Lair:4        Snake (4/4) Lair:2        Slime (0/5) Lair:5
    Orc (2/2) D:10            Elf (0/3) Orc:2        Vaults (0/5) D:14
 Depths (0/5) D:15

Altars:
Dithmenos
Fedhas
Hepliaklqana
Kikubaaqudgha
Qazlal
Uskayaw
Vehumet
Xom
Zin
The Shining One
Beogh
Jiyva

Shops:
D:4 !([[   D:14 (=%   Orc:2 *%(!   Snake:3 ?*(

Portals:
Trove: D:10 (show slimy rune of Zot)

Annotations:
D:6 exclusion: statue
Lair:6 exclusion: 3 oklob plants


Innate Abilities, Weirdness & Mutations

((You reflexively headbutt those who attack you in melee.))
((You have a pair of large horns on your head.))
You have a somewhat thin skeletal structure. (Dex +2, Stealth)
You have supernaturally acute eyesight. (SInv)
You tend to lose your temper in combat.
You are resistant to hostile enchantments. (MR+)
You occasionally shout uncontrollably at your foes.


Message History

The nagaraja grabs you.
* * * LOW HITPOINT WARNING * * *
The nagaraja constricts you. The black mamba misses you.
The naga ritualist gestures at you while chanting.
The lance of force hits you!
Okay, then.
Unknown command.
You turn into a tree.
Your +1 cloak melds into your body.
Your +1 pair of boots melds into your body.
Your +10 plate armour of cold resistance melds into your body.
You feel less resistant to cold.
Your roots penetrate the ground.
You feel strangely stable.
You feel very sick.
The guardian serpent hits you but does no damage.
The naga mage hits you but does no damage.
The black mamba bites you!
* * * LOW HITPOINT WARNING * * *
The nagaraja hits you!
* * * LOW HITPOINT WARNING * * *
You die...

#..##.......##..## # #
#.##.....####....# ## (##
#.#...N###....##.#####. ..
#.#....÷########....##. #.
####.##.....).....####..#.
###.####.....###...)))[)...###.#.
.........#...# #######)#....##...
###..#####..†####N...().....###..
##.# #...).N♣S.........###... #.#
#...###NS...####.####.## #.#
##.## ###(### ##)##..# #.#
#...####.# ##[#.## #.#
###......## ###..### ####.##
###.....# #....#). ##....#
#####.# ##.##...#
......#############)#####..#..###
.......##...........((.))....##


You could see a nagaraja, a naga ritualist, a guardian serpent, a black mamba
and a naga mage.

Vanquished Creatures
  11 nagarajas
  A frost giant (D:15)
  An orc warlord (Orc:2)
  The ghost of Anwuhinu the Slicer, an adept VSAs of Uskayaw (Snake:4)
  Aizul (Snake:2)
  The ghost of Flure the Severer, a journeyman MiBe of Trog (Lair:6)
  A naga warrior (Snake:4)
  2 yaktaur captains (D:15)
  A vault guard (D:14)
  2 centaur warriors
  3 hydras (D:13)
  6 death yaks (Lair:5)
  14 anacondas
  3 two-headed ogres
  4 orc high priests (Orc:2)
  4 shock serpents
  7 naga sharpshooters
  A fire crab (Lair:6)
  An unseen horror (D:11)
  4 naga ritualists
  3 wizards (D:14)
  A wolf spider zombie (D:15)
  5 ugly things
  2 deep elf magi
  A phantasmal warrior (D:15)
  9 mana vipers
  7 orc knights
  3 manticores
  4 orc sorcerers (Orc:2)
  8 salamanders
  A manticore (shapeshifter) (D:15)
  29 black mambas
  3 cyclopes
  3 centaur zombies
  11 elephants
  11 guardian serpents
  15 naga magi
  An ice statue (IceCv)
  2 torpor snails (Lair:6)
  13 spiny frogs
  2 rime drakes
  4 gargoyles
  A yaktaur (D:15)
  2 efreet
  8 komodo dragons
  A komodo dragon (shapeshifter) (D:15)
  5 meliai
  A queen bee (Lair:4)
  4 slime creatures (D:15)
  Grinder (D:5)
  Prince Ribbit (D:8)
  2 jumping spiders (D:15)
  11 trolls
  2 wind drakes (Lair:6)
  4 hornets
  11 blink frogs
  20 polar bears
  13 hippogriffs
  15 dream sheep (Lair:6)
  2 shadows (D:13)
  A wraith (D:11)
  A fire elemental (Lair:2)
  4 wyverns
  A vampire (D:13)
  A redback (D:15)
  7 spriggans (D:8)
  21 humans (D:14)
  41 yaks
  6 basilisks
  3 hungry ghosts
  The ghost of siprus the Grave Robber, an amateur DsNe (D:4)
  A harpy simulacrum (D:14)
  25 nagas
  5 wargs
  2 soldier ants
  12 water moccasins
  12 porcupines
  36 orc warriors
  A swamp drake (D:10)
  4 sky beasts
  3 black bears
  An eye of draining (D:15)
  A hornet zombie (D:8)
  3 ice beasts
  2 necrophages
  17 ogres
  A phantom (D:5)
  17 wolves
  10 centaurs
  12 crocodiles
  A big kobold (D:8)
  14 bullfrogs
  A gnoll sergeant (D:5)
  A wyvern skeleton (D:3)
  4 scorpions
  37 killer bees
  8 wights
  2 electric eels
  4 howler monkeys
  7 crimson imps
  2 jellies
  21 orc wizards
  26 orc priests
  4 centaur skeletons
  6 hounds
  4 iguanas
  Ijyb (D:5)
  9 worker ants
  A centaur simulacrum (D:4)
  A worker ant zombie (D:5)
  11 gnolls
  13 adders
  A hound simulacrum (D:4)
  4 shadow imps
  2 white imps (D:4)
  A worker ant simulacrum (D:4)
  2 oozes (D:2)
  An adder zombie (D:8)
  An adder skeleton (D:4)
  A worm (D:2)
  2 dart slugs
  An adder simulacrum (D:4)
  4 leopard geckos
  102 orcs
  4 giant cockroaches
  14 hobgoblins
  7 jackals
  6 kobolds
  3 quokkas
  9 bats
  5 frilled lizards
  A giant cockroach zombie (D:5)
  6 goblins
  A jackal zombie (D:8)
  A leopard gecko zombie (D:5)
  A quokka zombie (D:9)
  7 rats
  A bush (Lair:6)
  7 fungi
  7 plants
943 creatures vanquished.

Vanquished Creatures (collateral kills)
  A nagaraja (Snake:4)
  A frost giant (IceCv)
  2 hydras
  An ogre mage (D:15)
  A merfolk avatar (Lair:6)
  6 two-headed ogres (D:15)
  2 naga sharpshooters
  An orc sorcerer (Orc:2)
  An elephant (Lair:3)
  A black mamba (Snake:4)
  Joseph (D:8)
  A naga mage (Snake:4)
  A spiny frog (Lair:6)
  A komodo dragon (Lair:6)
  A meliai (Lair:4)
  A polar bear (IceCv)
  2 yaks (IceCv)
  4 nagas (Snake:2)
  3 orc warriors (Orc:2)
  A black bear (D:8)
  A phantom (D:8)
  An ogre (D:15)
  A wolf (IceCv)
  A big kobold (D:8)
  A wyvern skeleton (D:8)
  An orc priest (Orc:2)
  An orc wizard (Orc:2)
  4 orcs (Orc:2)
  A ball python (D:8)
45 creatures vanquished.

Vanquished Creatures (others)
  A black mamba (Lair:5)
  An elephant (Lair:3)
  2 guardian serpents
  A molten gargoyle (Lair:2)
  A spiny frog (Lair:1)
  A blink frog (Lair:5)
  A hippogriff (Lair:4)
  A wyvern (Lair:2)
  2 spriggans (D:8)
  3 yaks (D:9)
  A porcupine (Lair:1)
  A scorpion (D:9)
  3 killer bees (Lair:4)
  A wight (D:8)
  A worker ant zombie (D:8)
  A gnoll (D:6)
  An orc (Orc:2)
  17 fungi
  36 plants
76 creatures vanquished.

Grand Total: 1064 creatures vanquished

Notes
Turn   | Place    | Note
-------+----------+-------------------------------------------
     0 | D:1      | kapitany the Minotaur Berserker began the quest for the
                  | Orb.
     0 | D:1      | Reached XP level 1. HP: 19/19 MP: 0/0
   516 | D:1      | Reached XP level 2. HP: 17/27 MP: 1/1
   629 | D:1      | Reached skill level 4 in Axes
  1122 | D:2      | Reached XP level 3. HP: 27/33 MP: 2/2
  1300 | D:2      | Found a shimmering altar of Xom.
  1670 | D:3      | Noticed a centaur
  1675 | D:3      | Killed a centaur
  1675 | D:3      | Reached skill level 5 in Axes
  1675 | D:3      | Reached XP level 4. HP: 41/41 MP: 3/3
  1679 | D:3      | Reached ** piety under Trog
  1724 | D:3      | Reached XP level 5. HP: 47/47 MP: 4/4
  2128 | D:3      | Gained mutation: You are agile. (Dex +2) [potion of
                  | mutation]
  2128 | D:3      | Gained mutation: You are occasionally teleported next to
                  | monsters. [potion of mutation]
  2128 | D:3      | Gained mutation: Your mind is acute. (Int +2) [potion of
                  | mutation]
  2329 | D:3      | Reached skill level 6 in Axes
  2329 | D:3      | Reached XP level 6. HP: 15/53 MP: 5/5
  2716 | D:3      | Found a stormy altar of Qazlal.
  2895 | D:4      | Noticed siprus's ghost (amateur DsNe)
  2909 | D:4      | Found Gizeuf's Weapon Shop.
  3012 | D:4      | Reached skill level 5 in Armour
  3196 | D:4      | Found Zaaleost's Armour Emporium.
  3291 | D:4      | Lost mutation: Your mind is acute. (Int +2) [potion of
                  | mutation]
  3291 | D:4      | Lost mutation: You are agile. (Dex +2) [potion of mutation]
  3291 | D:4      | Lost mutation: You are occasionally teleported next to
                  | monsters. [potion of mutation]
  3291 | D:4      | Gained mutation: You are robust. (+10% HP) [potion of
                  | mutation]
  3291 | D:4      | Gained mutation: You tend to lose your temper in combat.
                  | [potion of mutation]
  3291 | D:4      | Gained mutation: Your spells are a little harder to cast,
                  | but a little more powerful. [potion of mutation]
  3291 | D:4      | Gained mutation: You are resistant to electric shocks.
                  | (rElec) [potion of mutation]
  3333 | D:4      | Found Viebyseo's Armour Emporium.
  3404 | D:4      | Found a runed gate.
  3404 | D:4      | Found a runed gate.
  3404 | D:4      | Found a runed gate.
  3434 | D:4      | Reached skill level 5 in Fighting
  3438 | D:4      | Reached *** piety under Trog
  3453 | D:4      | Killed siprus's ghost
  3453 | D:4      | Reached skill level 7 in Axes
  3453 | D:4      | Reached XP level 7. HP: 46/67 MP: 6/6
  3698 | D:4      | Found Neodydod's Distillery.
  3703 | D:4      | Bought a potion of mutation for 80 gold pieces
  3703 | D:4      | Lost mutation: Your spells are a little harder to cast, but
                  | a little more powerful. [potion of mutation]
  3703 | D:4      | Lost mutation: You are resistant to electric shocks.
                  | (rElec) [potion of mutation]
  3703 | D:4      | Lost mutation: You are robust. (+10% HP) [potion of
                  | mutation]
  3703 | D:4      | Gained mutation: You have supernaturally acute eyesight.
                  | (SInv) [potion of mutation]
  3703 | D:4      | Gained mutation: You have a pair of large horns on your
                  | head. [potion of mutation]
  3703 | D:4      | Gained mutation: You are resistant to hostile enchantments.
                  | (MR+) [potion of mutation]
  3703 | D:4      | Gained mutation: You have a somewhat thin skeletal
                  | structure. (Dex +2, Stealth) [potion of mutation]
  3746 | D:4      | Found a staircase to the Ecumenical Temple.
  3802 | D:5      | Entered Level 5 of the Dungeon
  3808 | D:5      | Noticed Ijyb
  3814 | D:5      | Killed Ijyb
  3912 | D:5      | Found a shadowy altar of Dithmenos.
  3953 | D:5      | Reached skill level 8 in Axes
  4039 | D:5      | Reached XP level 8. HP: 60/70 MP: 7/7
  4338 | D:5      | Noticed Grinder
  4344 | D:5      | Killed Grinder
  4410 | D:5      | Reached skill level 9 in Axes
  5014 | D:6      | Found a glowing silver altar of Zin.
  5075 | D:6      | Reached skill level 1 in Stealth
  5182 | D:6      | Identified a scroll of acquirement
  5311 | D:6      | Found a radiant altar of Vehumet.
  5360 | D:6      | Found a hazy altar of Hepliaklqana.
  5501 | D:7      | Reached skill level 10 in Axes
  5664 | D:7      | Reached XP level 9. HP: 75/78 MP: 8/8
  6027 | D:8      | Noticed Joseph
  6035 | D:8      | Reached **** piety under Trog
  6045 | D:8      | Killed Joseph
  6135 | D:8      | Reached skill level 11 in Axes
  6218 | D:8      | Noticed Prince Ribbit
  6227 | D:8      | Killed Prince Ribbit
  6330 | D:8      | Reached skill level 5 in Dodging
  6350 | D:8      | Reached XP level 10. HP: 84/88 MP: 9/9
  6382 | D:8      | Reached skill level 12 in Axes
  6692 | D:8      | Found an ancient bone altar of Kikubaaqudgha.
  6857 | D:8      | Noticed a dagger
  6858 | D:8      | Noticed a dagger
  6861 | D:8      | Found a hide-covered altar of Uskayaw.
  7230 | D:9      | Found a staircase to the Lair.
  7235 | D:9      | Reached skill level 10 in Armour
  7289 | D:9      | Reached skill level 13 in Axes
  7354 | D:9      | Reached ***** piety under Trog
  7422 | D:9      | Found a glowing golden altar of the Shining One.
  7472 | Lair:1   | Entered Level 1 of the Lair of Beasts
  7539 | Lair:1   | Noticed a spiny frog
  7745 | Lair:1   | Killed a spiny frog
  7748 | Lair:1   | Reached XP level 11. HP: 89/97 MP: 10/10
  8725 | Lair:2   | Found a staircase to the Snake Pit.
  9205 | Lair:2   | Reached skill level 10 in Fighting
  9246 | Lair:2   | Reached skill level 14 in Axes
  9480 | Lair:3   | Noticed a five-headed hydra
  9895 | Lair:3   | Killed an 11-headed hydra
 10116 | Lair:3   | Reached XP level 12. HP: 102/108 MP: 11/11
 10402 | Lair:3   | Noticed a seven-headed hydra
 10411 | Lair:3   | Banished a nine-headed hydra
 10411 | Lair:3   | Reached skill level 15 in Axes
 10661 | Lair:4   | Found a staircase to the Shoals.
 10713 | Lair:4   | Found a blossoming altar of Fedhas.
 10822 | Lair:4   | Noticed an eight-headed hydra
 11148 | Lair:4   | Killed a 16-headed hydra
 11969 | Lair:5   | Reached skill level 16 in Axes
 12415 | Lair:5   | Noticed a death yak
 12423 | Lair:5   | Noticed a death yak
 12428 | Lair:5   | Noticed a death yak
 12431 | Lair:5   | Noticed a death yak
 12432 | Lair:5   | Noticed a death yak
 12432 | Lair:5   | Noticed a death yak
 12437 | Lair:5   | Killed a death yak
 12441 | Lair:5   | Killed a death yak
 12442 | Lair:5   | Killed a death yak
 12442 | Lair:5   | Received a gift from Trog
 12447 | Lair:5   | Killed a death yak
 12458 | Lair:5   | Killed a death yak
 12459 | Lair:5   | Killed a death yak
 12459 | Lair:5   | Reached skill level 10 in Dodging
 12459 | Lair:5   | Reached XP level 13. HP: 84/118 MP: 12/12
 12460 | Lair:5   | Got a steaming executioner's axe {god gift}
 12461 | Lair:5   | Identified the +3 executioner's axe of the Wraith {freeze,
                  | rF+ rN+ Dex+3} (Trog gifted it to you on level 5 of the
                  | Lair of Beasts)
 12513 | Lair:5   | Gained mutation: You occasionally shout uncontrollably at
                  | your foes. [mutagenic glow]
 12913 | Lair:5   | Found a staircase to the Slime Pits.
 12914 | Lair:5   | Found a viscous altar of Jiyva.
 13046 | Lair:6   | Entered Level 6 of the Lair of Beasts
 13208 | Lair:6   | Found a transporter.
 13228 | Lair:6   | Noticed Flure's ghost (journeyman MiBe)
 13233 | Lair:6   | Found a transporter.
 13282 | Lair:6   | Reached skill level 17 in Axes
 13805 | Lair:6   | Killed Flure's ghost
 15201 | Lair:6   | Reached XP level 14. HP: 128/129 MP: 13/13
 16091 | D:10     | Entered Level 10 of the Dungeon
 16147 | D:10     | Reached skill level 18 in Axes
 16147 | D:10     | Received a gift from Trog
 16281 | D:10     | Found a portal to a secret trove of treasure.
 16396 | D:10     | Found a staircase to the Orcish Mines.
 16473 | Orc:1    | Entered Level 1 of the Orcish Mines
 17396 | Orc:2    | Entered Level 2 of the Orcish Mines
 17461 | Orc:2    | Received a gift from Trog
 17910 | Orc:2    | Found a staircase to the Elven Halls.
 18411 | Orc:2    | Found a roughly hewn altar of Beogh.
 18433 | Orc:2    | Reached ****** piety under Trog
 18548 | Orc:2    | Found Ahaqanes's Assorted Antiques.
 18559 | Orc:2    | Bought a purple potion for 26 gold pieces
 18697 | Orc:2    | Found Mestoipsi's Food Shoppe.
 19161 | Orc:2    | Noticed an orc warlord
 19174 | Orc:2    | Killed an orc warlord
 19190 | Orc:2    | Found a roughly hewn altar of Beogh.
 19193 | Orc:2    | Received a gift from Trog
 19319 | Orc:2    | Found Poijaguj's Antique Weapon Emporium.
 19336 | Orc:2    | Bought a smoking broad axe for 225 gold pieces
 19336 | Orc:2    | Identified the +4 broad axe of Karma {chop, rN+} (You
                  | bought it in a shop on level 2 of the Orcish Mines)
 19363 | Orc:2    | Found Teicomniaw's Distillery.
 19701 | D:11     | Reached skill level 19 in Axes
 20453 | D:12     | Received a gift from Trog
 21365 | D:13     | Received a gift from Trog
 21368 | D:13     | Reached XP level 15. HP: 138/138 MP: 14/14
 22949 | D:14     | Got a jewelled ring mail
 23060 | D:14     | Found Gogabey's Food Shoppe.
 23065 | D:14     | Found a frozen archway.
 23075 | IceCv    | Entered an ice cave
 23079 | IceCv    | Reached skill level 15 in Armour
 23683 | IceCv    | Noticed a frost giant
 23698 | IceCv    | Killed a frost giant
 24152 | D:14     | Received a gift from Trog
 24177 | D:14     | Found a gate to the Vaults.
 24269 | D:14     | Found Girust's Jewellery Emporium.
 24281 | D:14     | Bought an uncursed amulet of faith for 520 gold pieces
 24344 | D:14     | Found Agityuf's Antique Weapon Shoppe.
 24689 | D:15     | Entered Level 15 of the Dungeon
 24811 | D:15     | Reached skill level 20 in Axes
 24903 | D:15     | Noticed a frost giant
 24973 | D:15     | Reached skill level 15 in Fighting
 25161 | D:15     | Killed a frost giant
 26228 | D:15     | Found a staircase to the Depths.
 26948 | Snake:1  | Entered Level 1 of the Snake Pit
 27294 | Snake:1  | Reached XP level 16. HP: 127/149 MP: 5/15
 28558 | Snake:2  | Noticed Aizul
 28578 | Snake:2  | Killed Aizul
 29734 | Snake:2  | Reached skill level 21 in Axes
 30915 | Snake:3  | Found Agoz's Magic Scroll Shoppe.
 30915 | Snake:3  | Found Himm's General Store.
 30918 | Snake:3  | Found Usuvirug's Antique Weapon Shoppe.
 30930 | Snake:3  | Bought a potion of heal wounds for 80 gold pieces
 30968 | Snake:3  | Bought a scroll of identify for 36 gold pieces
 30968 | Snake:3  | Bought a scroll of enchant armour for 135 gold pieces
 30980 | Snake:3  | Got a flickering lapis lazuli ring
 30982 | Snake:3  | Identified the ring "Irudgh" {rN++ Int+4 Dex+5 Stlth+} (You
                  | acquired it on level 3 of the Snake Pit)
 31423 | Snake:4  | Entered Level 4 of the Snake Pit
 31943 | Snake:4  | Noticed Anwuhinu's ghost (adept VSAs)
 31956 | Snake:4  | Found a transporter.
 31965 | Snake:4  | Found a transporter.
 32018 | Snake:4  | Received a gift from Trog
 32219 | Snake:4  | Killed Anwuhinu's ghost
 32872 | Snake:4  | Reached XP level 17. HP: 134/158 MP: 5/16
 33383 | Snake:4  | Received a gift from Trog
 33383 | Snake:4  | Reached skill level 22 in Axes
 33504 | Snake:4  | HP: 4/238 [nagaraja (12)]
 33504 | Snake:4  | Slain by a nagaraja

Skill      XL: |  1  2  3  4  5  6  7  8  9 10 11 12 13 14 15 16 17 |
---------------+----------------------------------------------------+-----
Axes           | 4 5 6 7 8 10 11 13 14 16 17 19 20 21 22 | 22.1
Fighting       | 4 5 6 8 9 10 12 13 14 15 16 | 16.5
Armour         | 3 4 5 6 8 9 10 11 12 13 14 15 16 17 | 17.0
Dodging        | 3 5 6 8 10 11 12 13 14 | 14.6
Stealth        | 1 |  1.0

Action                   |  1- 3 |  4- 6 |  7- 9 | 10-12 | 13-15 | 16-18 || total
-------------------------+-------+-------+-------+-------+-------+-------++-------
Melee: Hand axe          |    69 |    23 |   124 |   465 |       |       ||   681
       Headbutt          |    13 |    23 |    28 |   108 |   235 |   122 ||   529
       War axe           |       |    82 |    48 |       |       |       ||   130
       Executioner's axe |       |       |       |       |   910 |   375 ||  1285
       Battleaxe         |       |       |       |       |    18 |       ||    18
Invok: Berserk           |     1 |     3 |     6 |    12 |    13 |     8 ||    43
       Trog's Hand       |       |     1 |     2 |     1 |    15 |     5 ||    24
       Brothers in Arms  |       |       |     1 |     2 |     8 |     5 ||    16
Evoke: Wand              |       |       |       |    11 |    23 |    14 ||    48
  Use: Potion            |       |     6 |     1 |     3 |     7 |     5 ||    22
       Scroll            |       |       |    12 |     8 |    18 |    15 ||    53
 Stab: Distracted        |       |       |     1 |       |     1 |       ||     2
  Eat: Chunk             |     2 |     5 |    10 |    10 |    23 |       ||    50
       Ration            |       |     1 |     3 |     7 |    13 |     9 ||    33
Armor: Ring mail         |    24 |       |       |       |       |       ||    24
       Chain mail        |     4 |    59 |    31 |       |       |       ||    94
       Plate armour      |       |       |    96 |   250 |   508 |   235 ||  1089
       Skin              |       |       |       |       |       |     2 ||     2
Dodge: Dodged            |    37 |    64 |    62 |   212 |   697 |   303 ||  1375
